 Dungeon Crawl Stone Soup version 0.21.1-1-g345015f (webtiles) character file.

52 nightchill the Firebug (level 3, -3/26 HPs)
             Began as a Draconian Fire Elementalist on Mar 21, 2018.
             Slain by a gnoll
             ... wielding a +0 spear
              (5 damage)
             ... on level 2 of the Dungeon.
             The game lasted 00:10:13 (1456 turns).

nightchill the Firebug (DrFE)                       Turns: 1456, Time: 00:10:14

Health: -3/26      AC:  5    Str: 10    XL:     3   Next: 60%
Magic:  4/6        EV: 12    Int: 16    God:
Gold:   33         SH:  0    Dex: 11    Spells: 2/6 levels left

rFire    + . .     SeeInvis .   e - +0 mace
rCold    + . .     Gourm    .   (no shield)
rNeg     . . .     Faith    .   (armour unavailable)
rPois    .         Spirit   .   (helmet restricted)
rElec    .         Reflect  .   j - scarf {rC+ rF+}
rCorr    .         Harm     .   (no gloves)
MR       .....                  (no boots)
Stlth    ++........             (no amulet)
HPRegen  0.08/turn              (no ring)
MPRegen  0.10/turn              (no ring)

@: no status effects
A: unfitting armour, cold-blooded, AC +5
a: no special abilities


You were on level 2 of the Dungeon.
You were hungry.

You visited 1 branch of the dungeon, and saw 2 of its levels.

You collected 33 gold pieces.

Inventory:

Hand Weapons
 c - a +0 club
 e - a +0 mace (weapon)
 i - a +3 mace of draining
 l - a +0 whip
 s - a +0 hunting sling
 u - a +1 vampiric dagger
Missiles
 d - 148 stones
 f - 5 javelins (quivered)
Armour
 j - a scarf of resistance (worn)
Magical Staves
 t - an uncursed staff of power {unknown}
Scrolls
 g - a scroll of enchant armour {unknown}
 k - a scroll of noise {unknown}
 n - a scroll of identify {unknown}
 p - a scroll of teleportation {unknown}
 q - a scroll of enchant weapon {unknown}
Potions
 h - a potion of haste {unknown}
 m - 2 potions of degeneration {unknown}
 o - a potion of agility {unknown}
Books
 a - a book of Flames

   Spells                             Type                      Level
   a - Flame Tongue                   Conjuration/Fire             1
   b - Throw Flame                    Conjuration/Fire             2
   c - Conjure Flame                  Conjuration/Fire             3
   d - Inner Flame                    Hexes/Fire                   3
   e - Sticky Flame                   Conjuration/Fire             4
   f - Fireball                       Conjuration/Fire             5
Comestibles
 b - a ration
 r - a chunk of flesh


   Skills:
 - Level 1.7 Dodging
 - Level 1.7 Stealth
 - Level 2.0 Spellcasting
 + Level 2.5 Conjurations
 + Level 3.9 Fire Magic


You had 2 spell levels left.
You knew the following spells:

 Your Spells              Type           Power        Failure   Level  Hunger
a - Flame Tongue          Conj/Fire      ##...        5%          1    #......
b - Conjure Flame         Conj/Fire      ##......     16%         3    ###....


Dungeon Overview and Level Annotations

Branches:
Dungeon (2/15)

Altars:


Innate Abilities, Weirdness & Mutations

Your plain brown scales are hard. (AC +5)
You cannot fit into any form of body armour.
You are cold-blooded and may be slowed by cold attacks.


Message History

The gnoll hits you with a spear.
You barely miss the gnoll. You tail-slap the gnoll.
The gnoll is lightly wounded.
The leopard gecko closely misses you. The gnoll closely misses you.
The leopard gecko bites you. The gnoll hits you with a spear.
You hit the gnoll.
The gnoll is moderately wounded.
The leopard gecko bites you but does no damage.
The gnoll hits you with a spear. The leopard gecko bites you.
* * * LOW HITPOINT WARNING * * *
You hit the gnoll.
Your tail-slap misses the gnoll.
The gnoll is heavily wounded.
The leopard gecko misses you. The gnoll hits you with a spear.
* * * LOW HITPOINT WARNING * * *
You barely miss the gnoll.
The gnoll is heavily wounded.
The leopard gecko bites you.
* * * LOW HITPOINT WARNING * * *
The gnoll hits you with a spear.
You die...

#.............#
#.....g.......#
#....#####....#
#......#....g.#
##..l...#......###
.'..#########..gg#
.#......#......#g#
.#......#......#l#
.#....#####...g#@# .#......
......#g#
.#.............#.#########
.#.............#.........## ##
.###############..###....[###.
.#..........## ##..........#..
g...........$# ####.......#.#
############.#### #.......#.#
# #....# #.......#.# .#


You could see 3 gnolls, a leopard gecko and a hobgoblin.

Vanquished Creatures
  An adder (D:2)
  A dart slug (D:1)
  2 leopard geckos
  A giant cockroach (D:1)
  10 goblins
  6 hobgoblins (D:1)
  8 kobolds
  A ball python (D:2)
  A bat (D:1)
  2 frilled lizards (D:2)
  2 rats
35 creatures vanquished.

Notes
Turn   | Place    | Note
-------+----------+-------------------------------------------
     0 | D:1      | nightchill the Draconian Fire Elementalist began the quest for the Orb.
     0 | D:1      | Reached XP level 1. HP: 14/14 MP: 3/3
   278 | D:1      | Reached XP level 2. HP: 20/20 MP: 5/5
   874 | D:1      | Reached XP level 3. HP: 26/26 MP: 4/6
   879 | D:1      | Learned a level 3 spell: Conjure Flame
  1456 | D:2      | Slain by a gnoll

Skill      XL: |  1  2 |
---------------+-------+-----
Conjurations   | 2 |  2.5
Dodging        | |  1.7
Stealth        | |  1.7
Spellcasting   | |  2.0
Fire Magic     | |  3.9

Action                   || total
-------------------------++-------
Melee: Club              ||     4
       Mace              ||    42
       Tailslap          ||     3
Throw: Stone             ||    23
       Javelin           ||    13
 Cast: Flame Tongue      ||    36
       Conjure Flame     ||     3
  Eat: Chunk             ||     2
Armor: Skin              ||    25
Dodge: Dodged            ||    76
